 Dungeon Crawl Stone Soup version 0.21-a0-72-gbbb65ab (webtiles) character file.

205 grindst0ne the Shield-Bearer (level 6, 0/51 HPs)
             Began as a Formicid Fighter on June 20, 2017.
             Killed from afar by an orc wizard (3 damage)
             ... with a magic dart
             ... on level 3 of the Dungeon.
             The game lasted 00:05:10 (2019 turns).

grindst0ne the Shield-Bearer (Formicid Fighter)     Turns: 2019, Time: 00:05:10

Health: 0/51       AC:  9    Str: 20    XL:     6   Next: 9%
Magic:  6/6        EV:  6    Int:  8    God:
Gold:   102        SH: 10    Dex: 12    Spells: 5/5 levels left

rFire    . . .     SeeInvis +   h - +0 short sword (elec)
rCold    . . .     Gourm    .   c - +0 shield
rNeg     . . .     Faith    .   e - +0 chain mail (curse)
rPois    .         Spirit   .   (helmet unavailable)
rElec    .         Reflect  .   (no cloak)
rCorr    .         Harm     .   (no gloves)
MR       .....                  (no boots)
Stlth    ..........             (no amulet)
HPRegen  0.17/turn              (no ring)
MPRegen  0.10/turn              (no ring)

@: lethally poisoned (0 -> -6)
A: permanent stasis, dig shafts and tunnels, four strong arms, antennae 3
a: Dig, Shaft Self


You were on level 3 of the Dungeon.
You were hungry.

You visited 1 branch of the dungeon, and saw 3 of its levels.

You collected 102 gold pieces.

Inventory:

Hand Weapons
 a - a +0 war axe
 h - a +0 short sword of electrocution (weapon)
Armour
 b - a +0 scale mail
 c - a +0 shield (worn)
 e - a cursed +0 chain mail (worn)
 l - a cursed +0 leather armour
Scrolls
 g - 2 scrolls of identify {unknown}
 i - 4 scrolls of teleportation {unknown}
 k - a scroll of immolation {unknown}
 n - 2 scrolls of remove curse {unknown}
 q - a scroll of recharging {unknown}
Potions
 d - 2 potions of might
 o - a potion of cancellation
 s - a potion of heal wounds {unknown}
Comestibles
 f - 3 bread rations
 j - 6 fruits
 p - a meat ration


   Skills:
 + Level 5.0 Fighting
 - Level 2.0 Axes
 + Level 4.6 Armour
 + Level 5.1 Shields


You had 5 spell levels left.
You didn't know any spells.

Dungeon Overview and Level Annotations

Branches:
Dungeon (3/15)

Altars:


Innate Abilities, Weirdness & Mutations

You cannot be hasted, slowed, berserked, paralysed or teleported.
You can dig through walls and to a lower floor.
Your four strong arms can wield two-handed weapons with a shield.
You have a pair of large antennae on your head. (SInv)


Message History

The magic dart hits you!
You closely miss the orc wizard.
The orc wizard is moderately wounded.
You feel sick.
The orc wizard points at you and mumbles some strange words.
The puff of flame hits you!
* * * LOW HITPOINT WARNING * * *
You hit the orc wizard.
The orc wizard is heavily wounded.
* * * LOW HITPOINT WARNING * * *
You feel sick. You block the orc wizard's attack.
It was a potion of cancellation.
You feel magically purged.
* * * LOW HITPOINT WARNING * * *
You feel sick. You block the orc wizard's attack.
It was a potion of magic.
Magic courses through your body.
* * * LOW HITPOINT WARNING * * *
You feel sick. The orc wizard casts a spell at you. The magic dart hits you!
You die...

#####.....#
#.###.#####.# ###'###
#.##......... #####..#
####.##.....#.##
#......##
#.......###.#.<#
#.......#
#.##.###.##.#...
#.......####.##.#
....##..
#.......##....#.###.###
###
#.......##....#.#.....#
#.....÷..#@...#.#.....#
######...o##..........#
#...##.###.......#
#..).)####.......#
#####.#).!........#
........#...........#
........÷.......(...#
....................#
........$...........#


You could see an orc wizard (invisible).

Vanquished Creatures
  An orc wizard (D:3)
  Natasha (D:3)
  3 adders
  An ooze (D:1)
  2 dart slugs
  3 leopard geckos
  5 orcs (D:3)
  5 giant cockroaches
  10 goblins
  13 hobgoblins
  4 jackals (D:1)
  3 quokkas
  9 bats
  4 frilled lizards
  8 kobolds
  9 rats
81 creatures vanquished.

Vanquished Creatures (others)
  Natasha (D:3)
  An orc wizard (D:3)
2 creatures vanquished.

Grand Total: 83 creatures vanquished

Notes
Turn   | Place    | Note
-------+----------+-------------------------------------------
     0 | D:1      | grindst0ne the Formicid Fighter began the quest for the Orb.
     0 | D:1      | Reached XP level 1. HP: 18/18 MP: 1/1
   101 | D:1      | Reached XP level 2. HP: 22/24 MP: 2/2
   493 | D:1      | Reached XP level 3. HP: 26/30 MP: 3/3
   976 | D:2      | Reached XP level 4. HP: 37/37 MP: 4/4
  1650 | D:3      | Reached XP level 5. HP: 42/43 MP: 5/5
  1808 | D:3      | Noticed Natasha
  1815 | D:3      | Killed Natasha
  1815 | D:3      | Reached skill level 5 in Shields
  1969 | D:3      | Noticed Natasha
  1979 | D:3      | Killed Natasha
  1979 | D:3      | Reached skill level 5 in Fighting
  1979 | D:3      | Reached XP level 6. HP: 49/51 MP: 6/6
  2019 | D:3      | Killed from afar by an orc wizard

Vault maps used:
D:1:      dpeg_arrival_rooms_b, minmay_hexomino_p4
D:3:      first_bread, uniq_natasha

Skill      XL: |  1  2  3  4  5 |
---------------+----------------+-----
Shields        | 4 5 |  5.1
Fighting       | 4 5 |  5.0
Armour         | 4 |  4.6
Axes           | |  2.0

Action                   |  1- 3 |  4- 6 || total
-------------------------+-------+-------++-------
Melee: War axe           |   117 |       ||   117
       Short sword       |     7 |   179 ||   186
 Abil: Dig               |     1 |     2 ||     3
  Use: Potion            |       |     3 ||     3
  Eat: Chunk             |       |     4 ||     4
Armor: Chain mail        |   117 |    88 ||   205
       Scale mail        |     1 |       ||     1
       Skin              |       |     9 ||     9
Dodge: Dodged            |    51 |    43 ||    94
Block: Shield            |    85 |    73 ||   158
